 Dungeon Crawl Stone Soup version 0.32-a0-871-ge202e49 (webtiles) character file.

Game seed: 9625144575100160170

43328 skewfiend the Executioner (level 13, -3/111 HPs)
             Began as a Mountain Dwarf Fighter on Mar 29, 2024.
             Was an Elder of Hepliaklqana.
             Slain by a komodo dragon simulacrum (8 damage)
             ... on level 4 of the Lair of Beasts.
             The game lasted 01:08:58 (21070 turns).

skewfiend the Executioner (Mountain Dwarf Fighter) Turns: 21070, Time: 01:09:00

Health: -3/111     AC: 12    Str: 28    XL:     13   Next: 90%
Magic:  18/22      EV:  9    Int:  9    God:    Hepliaklqana [****..]
Gold:   985        SH: 10    Dex: 19    Spells: 11/12 levels left

rFire   + . .        b - +2 hand axe (flame)
rCold   . . .        z - +0 kite shield
rNeg    . . .        X - +0 swamp dragon scales of an ice cave {+Blink rPois Dex+2}
rPois   +            (no helmet)
rElec   +            P - +0 cloak
rCorr   .            S - +0 pair of gloves {Dex+3}
SInv    .            h - +0 pair of boots of Upeogir {rElec rF+ Dex+3}
Will    +....        (no amulet)
Stlth   +            O - ring of poison resistance
HPRegen 0.38/turn    g - +6 ring of strength
MPRegen 0.18/turn

%: no passive effects
@: about to teleport
A: reduced essence, runic magic, artefact enchanting
a: Renounce Religion, Evoke Blink, Recall Ancestor, Ancestor Identity,
Transference, Idealise


You were on level 4 of the Lair of Beasts.
You worshipped Hepliaklqana.
Hepliaklqana was greatly pleased with you.
You visited 3 branches of the dungeon, and saw 17 of its levels.
You also visited: Sewer.

You collected 1093 gold pieces.
You spent 108 gold pieces at shops.

Inventory:

Hand Weapons
 a - a +0 war axe
 b - a +2 hand axe of flaming (weapon)
 r - a +2 flail of draining
Missiles
 e - 200 stones (quivered)
 m - 30 poisoned darts
 s - 4 javelins
 D - 4 throwing nets
 K - 4 boomerangs
Armour
 h - the +0 pair of boots of Upeogir (worn) {rElec rF+ Dex+3}
   (You found it on level 1 of the Lair of Beasts)

   Dex+3:     It affects your dexterity (+3).
   rF+:       It protects you from fire.
   rElec:     It insulates you from electricity.
 u - a +1 plate armour
 z - a +0 kite shield (worn)
 P - a +0 cloak (worn)
 S - a +0 pair of gloves of dexterity (worn)
 W - a +2 buckler
 X - the +0 swamp dragon scales of an ice cave (worn) {+Blink rPois Dex+2}
   (You found it on level 11 of the Dungeon)

   Dex+2:     It affects your dexterity (+2).
   rPois:     It protects you from poison.
   +Blink:    It lets you blink.
Jewellery
 g - a +6 ring of strength (right hand)
 w - a ring of protection from fire
 O - a ring of poison resistance (left hand)
Wands
 y - a wand of charming (10)
 F - a wand of mindburst (14)
 M - a wand of flame (9)
 Q - a wand of roots (6)
 T - a wand of acid (15)
Scrolls
 f - 2 scrolls of enchant armour
 n - 5 scrolls of fog
 p - 3 scrolls of noise
 B - a scroll of enchant weapon
 C - 2 scrolls of revelation
 E - a scroll of torment {unknown}
 G - a scroll of summoning {unknown}
 H - a scroll of vulnerability
 I - a scroll of fear
 L - 6 scrolls of teleportation
 N - 2 scrolls of immolation
 R - a scroll of poison
 V - 3 scrolls of blinking {unknown}
 Z - 2 scrolls of amnesia {unknown}
Potions
 d - 4 potions of might
 i - 3 potions of mutation
 j - 2 potions of invisibility
 k - 8 potions of resistance
 l - a potion of brilliance
 o - 4 potions of curing
 q - 2 potions of ambrosia
 t - a potion of enlightenment
 v - 2 potions of magic
 x - 2 potions of haste
 U - 2 potions of attraction
 Y - a potion of lignification


   Skills:
 + Level 14.3 Fighting
 - Level 21.0 Axes
 + Level 4.8 Armour
 + Level 1.0 Dodging
 + Level 3.8 Shields
 * Level 12.4 Invocations


You had 11 spell levels left.
You knew the following spells:

 Your Spells              Type           Power      Damage    Failure   Level
a - Magic Dart            Conj           0%         1d3       65%         1

Your spell library contained the following spells:

 Spells                   Type           Power      Damage    Failure   Level
 Summon Small Mammal      Summ           0%         N/A       65%         1
 Ensorcelled Hibernation  Hex/Ice        0%         N/A       78%         2
 Lesser Beckoning         Tloc           0%         N/A       78%         2
 Searing Ray              Conj           0%         2d4       78%         2
 Call Canine Familiar     Summ           0%         N/A       95%         3
 Dazzling Flash           Conj/Hex       0%         N/A       95%         3
 Mephitic Cloud           Conj/Alch/Air  0%         N/A       95%         3
 Passwall                 Erth           0%         N/A       95%         3
 Swiftness                Air            0%         N/A       95%         3
 Teleport Other           Tloc           0%         N/A       95%         3
 Brom's Barrelling Bould  Conj/Erth      0%         2d3       100%        4
 Fulminant Prism          Conj/Alch      0%         3d5       100%        4
 Maxwell's Portable Pile  Tloc           0%         2d(5-10)  100%        4
 Summon Blazeheart Golem  Fire/Summ      0%         N/A       100%        4
 Curse of Agony           Necr           0%         N/A       100%        5
 Fireball                 Conj/Fire      0%         3d3       100%        5
 Iskenderun's Battlesphe  Conj           0%         2d6       100%        5
 Silence                  Hex/Air        0%         N/A       100%        5
 Conjure Ball Lightning   Conj/Air       0%         3x3d6     100%        6
 Orb of Destruction       Conj           0%         9d5       100%        7


Dungeon Overview and Level Annotations

Branches:
Dungeon (12/15)            Temple (1/1) D:4            Lair (4/5) D:9
  Swamp (0/4) Lair:2        Snake (0/4) Lair:2        Slime (0/5) Lair:4
    Orc (0/2) D:12          Sewer (visited)

Altars:
Ashenzari
Cheibriados
Dithmenos
Elyvilon
Fedhas
Gozag
Hepliaklqana
Kikubaaqudgha
Makhleb
Nemelex Xobeh
Okawaru
Qazlal
Ru
Sif Muna
Trog
Uskayaw
Vehumet
Wu Jian
Xom
Yredelemnul
Zin
The Shining One

Shops:
D:8 *   D:11 *   D:12 :

Portals:
Abyss: D:6

Annotations:
Lair:4 Qiar's ghost, journeyman DsGl


Innate Abilities, Weirdness & Mutations

Your life essence is reduced to manifest your ancestor. (-10% HP)
Your spellcasting is much less encumbered by armour.
You can use scrolls of enchantment on lesser artefacts.


Message History

The rime drake bites Pergamom but does no damage.
Pergamom barely misses the rime drake.
Pergamom closely misses the rime drake.
Unknown command.
You slash the komodo dragon simulacrum!
You melt the komodo dragon simulacrum.
The komodo dragon simulacrum is severely damaged.
The rime drake bites Pergamom.
The komodo dragon simulacrum bites you.
The komodo dragon simulacrum freezes you!!
Pergamom points at the rime drake and mumbles some strange words.
The rime drake appears confused.
Unknown command.
Okay, then.
As you read the scroll of teleportation, it crumbles to dust.
You feel strangely unstable. The ice encasing you melts away.
Qiar's ghost barely misses Pergamom.
The komodo dragon simulacrum bites you!
* * * LOW HITPOINT WARNING * * *
The komodo dragon simulacrum freezes you!!
* * * LOW HITPOINT WARNING * * *
Okay, then.
You feel much better.
The eight-headed hydra simulacrum bites Pergamom but does no damage.
The eight-headed hydra simulacrum bites Pergamom.
The eight-headed hydra simulacrum freezes Pergamom!
Pergamom resists.
The eight-headed hydra simulacrum bites Pergamom.
The eight-headed hydra simulacrum freezes Pergamom!!
Pergamom resists.
The eight-headed hydra simulacrum bites Pergamom.
The eight-headed hydra simulacrum freezes Pergamom!!
Pergamom resists.
Pergamom is destroyed!
Unknown command.
Okay, then.
You hit the komodo dragon simulacrum but do no damage.
The komodo dragon simulacrum is severely damaged.
You hit Qiar's ghost but do no damage. The komodo dragon simulacrum bites you!
* * * LOW HITPOINT WARNING * * *
The komodo dragon simulacrum freezes you!
You die...
Hepliaklqana delivers you to your ancestors.

#.####.#.###..#..# #.## ##...
....####.#.....#####..# #### #...
.#...#...........##.#.# #..# ##..
#.....÷÷..........##..# #..## ##.
.....#.......###...#..###.#.####.
#..###.....####P......#.#..##.#..
.### ##P...##.##.................
.## #...###.........÷..........
..# ##.........@.....#..........
.#####......###'WZ###............
.###.......##...kZk.##...........
..#P.###..##.Z..ZZ...#....#.##...
.....# #..#..........##.....#..##
#...####.##....####...#...#######
##...#.#.#...###?[##..##...### #
.........#..##./..$ #..#.....####
..#......#..#...?.. #..#.P....##P


You could see 2 rime drakes, Qiar's ghost, a komodo dragon simulacrum, a black
mamba simulacrum, an eight-headed hydra simulacrum, a death yak simulacrum and a
dream sheep simulacrum.

Vanquished Creatures
  2 hydras
  2 boulder beetles
  A catoblepas (Lair:1)
  A centaur warrior (D:9)
  3 two-headed ogres
  2 skysharks
  The ghost of Lovepenguin the Mimic, a novice OpSh of Gozag (D:6)
  4 ugly things
  2 manticores (D:11)
  3 elephants (Lair:3)
  3 black mambas
  Joseph (D:7)
  3 kobold demonologists (D:11)
  3 cane toads
  2 rime drakes
  9 komodo dragons
  3 trolls
  A polar bear (shapeshifter) (D:11)
  7 dream sheep (Lair:4)
  4 slime creatures (D:12)
  A wraith (D:10)
  3 wyverns
  27 yaks
  2 basilisks (Lair:3)
  2 vampire mosquitoes (D:11)
  A chaos spawn (D:6)
  2 nagas (Lair:2)
  4 water moccasins
  A swamp worm (Lair:2)
  An orc warrior (D:12)
  A sky beast (D:7)
  2 black bears
  2 wolves (Lair:4)
  4 centaurs
  3 kobold brigands
  11 bullfrogs
  3 gnoll sergeants
  3 scorpions
  3 wights (D:8)
  10 killer bees
  2 electric eels (Lair:2)
  8 howler monkeys
  5 orc priests
  A bombardier beetle (D:5)
  A gnoll bouda (D:11)
  6 jellies
  An iron imp (D:6)
  Jessica (D:2)
  3 iguanas
  4 orc wizards
  6 gnolls
  2 river rats (Sewer)
  8 adders
  A shadow imp (D:6)
  2 ribbon worms
  A dart slug (D:1)
  29 orcs
  9 ball pythons
  A bat (D:2)
  7 endoplasms
  2 giant cockroaches
  2 hobgoblins (D:1)
  2 jackals (D:4)
  30 kobolds
  2 quokkas (D:2)
  3 frilled lizards
  5 goblins
  16 rats
303 creatures vanquished.

Vanquished Creatures (collateral kills)
  3 catoblepae
  A two-headed ogre (D:11)
  A fire crab (D:9)
  A swamp dragon (Lair:1)
  3 ugly things
  A cyclops (D:12)
  6 elephants
  A torpor snail (Lair:2)
  A guardian serpent (shapeshifter) (D:11)
  3 cane toads
  An unseen horror (D:12)
  A rime drake (Lair:2)
  A kobold demonologist (D:10)
  4 komodo dragons
  3 dream sheep (Lair:4)
  2 slime creatures (D:12)
  A wyvern (Lair:4)
  7 yaks
  2 vampire mosquitoes (D:11)
  A naga (Lair:2)
  A small abomination (D:6)
  An acid dragon (D:8)
  A water moccasin (shapeshifter) (D:11)
  2 orc warriors
  A black bear (D:7)
  A sky beast (D:8)
  An ogre (D:4)
  A centaur (D:10)
  A phantom (D:6)
  A wolf (Lair:4)
  A kobold brigand (D:7)
  A wyvern zombie (D:11)
  2 gnoll sergeants (D:6)
  A scorpion (D:4)
  A wight (D:8)
  4 killer bees
  2 howler monkeys (D:11)
  An electric eel (Lair:2)
  A bombardier beetle (D:5)
  5 orc priests
  A hound (D:4)
  2 iguanas (D:6)
  3 orc wizards
  An adder (D:2)
  8 gnolls
  2 river rats (Sewer)
  A dart slug (D:1)
  14 orcs
  A bat (D:2)
  2 jackals (D:3)
  3 ball pythons (Sewer)
  4 kobolds
  12 rats
128 creatures vanquished.

Vanquished Creatures (others)
  8 hexers
8 creatures vanquished.

Grand Total: 439 creatures vanquished

Notes
Turn   | Place    | Note
-------+----------+-------------------------------------------
     0 | D:1      | skewfiend the Mountain Dwarf Fighter began the quest for
                  | the Orb.
     0 | D:1      | Reached XP level 1. HP: 19/19 MP: 1/1
   259 | D:1      | Reached XP level 2. HP: 27/27 MP: 2/2
   342 | D:1      | Found a faded altar of an unknown god.
   347 | D:1      | Reached skill level 3 in Axes
   400 | D:1      | Prayed at the altar of an unknown god.
   400 | D:1      | Became a worshipper of Hepliaklqana the Forgotten
   400 | D:1      | Reached * piety under Hepliaklqana
   967 | D:2      | Reached XP level 3. HP: 28/29 MP: 3/3
  1114 | D:2      | Noticed Jessica
  1118 | D:2      | Killed Jessica
  1119 | D:2      | Reached skill level 4 in Axes
  1216 | D:2      | Reached ** piety under Hepliaklqana
  1218 | D:2      | Remembered your ancestor Pergamom as a hexer
  1311 | D:2      | Reached XP level 4. HP: 36/36 MP: 4/4
  1807 | D:4      | Reached skill level 5 in Axes
  1894 | D:4      | Found a staircase to the Ecumenical Temple.
  1918 | D:4      | Noticed a scorpion
  1925 | D:4      | Killed a scorpion
  1926 | D:4      | Reached XP level 5. HP: 42/42 MP: 5/5
  1927 | D:4      | Reached skill level 6 in Axes
  2038 | D:4      | Noticed an ogre
  2042 | D:4      | Killed an ogre
  2043 | D:4      | Reached skill level 7 in Axes
  2043 | D:4      | Reached XP level 6. HP: 47/47 MP: 6/6
  2058 | D:4      | Reached *** piety under Hepliaklqana
  2414 | Temple   | Entered the Ecumenical Temple
  2455 | D:5      | Entered Level 5 of the Dungeon
  2471 | D:5      | You fall into a shaft and drop 2 floors!
  2521 | D:7      | Reached skill level 8 in Axes
  2521 | D:7      | Reached skill level 1 in Invocations
  2724 | D:6      | Reached XP level 7. HP: 26/54 MP: 7/7
  2985 | D:6      | Found a transporter.
  2997 | D:6      | Reached skill level 9 in Axes
  3128 | D:6      | Found a transporter.
  3153 | D:6      | Found a glowing drain.
  3156 | Sewer    | Entered a sewer
  3288 | Sewer    | Reached **** piety under Hepliaklqana
  3812 | D:6      | Noticed a red ugly thing
  3813 | D:6      | Noticed a chaos spawn
  3844 | D:5      | Found a sparkling altar of Nemelex Xobeh.
  3844 | D:5      | Found an iron altar of Okawaru.
  3844 | D:5      | Found a white marble altar of Elyvilon.
  3844 | D:5      | Found an ancient bone altar of Kikubaaqudgha.
  3887 | D:6      | Found a one-way gate to the infinite horrors of the Abyss.
  3887 | D:6      | Noticed Lovepenguin's ghost (novice OpSh)
  3898 | D:6      | Reached skill level 5 in Fighting
  4205 | D:6      | Reached skill level 10 in Axes
  4253 | D:6      | Reached XP level 8. HP: 54/61 MP: 8/10
  4648 | D:5      | Reached skill level 11 in Axes
  5040 | D:5      | Identified the +1 robe "Bulof" {rPois}
  5735 | D:7      | Reached skill level 12 in Axes
  5828 | D:7      | Reached XP level 9. HP: 56/67 MP: 12/12
  6184 | D:7      | Noticed Joseph
  6197 | D:7      | Killed Joseph
  6198 | D:7      | Reached skill level 13 in Axes
  6817 | D:8      | Noticed a two-headed ogre
  6825 | D:8      | Killed a two-headed ogre
  6826 | D:8      | Reached skill level 5 in Invocations
  6894 | D:8      | Reached skill level 14 in Axes
  7144 | D:8      | Found Ciqonkal's Demolitions Depot.
  7522 | D:8      | Reached ***** piety under Hepliaklqana
  7642 | D:8      | Learned a level 1 spell: Magic Dart
  7727 | D:8      | Found a shimmering blue altar of Sif Muna.
  8179 | D:9      | Reached XP level 10. HP: 66/77 MP: 14/14
  8199 | D:9      | Reached skill level 15 in Axes
  8379 | D:9      | Noticed a centaur warrior
  8390 | D:9      | Killed a centaur warrior
  8730 | D:9      | Noticed a purple ugly thing
  8741 | D:9      | Killed a purple ugly thing
  8742 | D:9      | Reached skill level 16 in Axes
  9200 | D:9      | Found a staircase to the Lair.
  9200 | D:9      | Noticed a fire crab
  9210 | D:9      | Killed a fire crab
  9409 | D:9      | Found a blossoming altar of Fedhas.
  9415 | D:9      | Found a stormy altar of Qazlal.
  9721 | D:10     | Entered Level 10 of the Dungeon
  9858 | D:10     | Identified the +6 falchion of a sewer {drain, Will+}
 10099 | D:10     | Found a transporter.
 10101 | D:10     | Found a transporter.
 10101 | D:10     | Noticed a boulder beetle
 10141 | D:10     | Reached skill level 17 in Axes
 10141 | D:10     | Reached XP level 11. HP: 85/85 MP: 16/16
 10716 | D:11     | Found Konawk's General Store.
 10818 | D:11     | Bought a scroll of teleportation for 36 gold pieces
 10818 | D:11     | Bought a scroll of teleportation for 36 gold pieces
 10818 | D:11     | Bought a potion of curing for 36 gold pieces
 10846 | D:11     | Identified the +6 falchion of Earthquakes {speed, rC+
                  | Stlth+}
 11170 | D:11     | Noticed a two-headed ogre
 11181 | D:11     | Killed a two-headed ogre
 11217 | D:11     | Noticed a two-headed ogre
 11227 | D:11     | Killed a two-headed ogre
 11228 | D:11     | Reached skill level 18 in Axes
 11382 | D:11     | Reached skill level 10 in Fighting
 11531 | D:11     | Noticed a two-headed ogre
 11585 | D:11     | Killed a two-headed ogre
 11703 | D:11     | Noticed a cyan ugly thing
 11704 | D:11     | Noticed a green ugly thing
 11705 | D:11     | Noticed a white ugly thing
 11706 | D:11     | Noticed a cyan ugly thing
 11724 | D:11     | Killed a green ugly thing
 11731 | D:11     | Killed a purple ugly thing
 11740 | D:11     | Noticed a red ugly thing
 11756 | D:11     | Killed a cyan ugly thing
 11771 | D:11     | Reached XP level 12. HP: 44/97 MP: 16/18
 12204 | D:11     | Identified the +0 swamp dragon scales of an ice cave
                  | {+Blink rPois Dex+2}
 12431 | D:12     | Noticed a six-headed hydra
 12442 | D:12     | Killed a nine-headed hydra
 12700 | D:12     | Noticed a catoblepas
 12717 | D:12     | Killed a catoblepas
 12853 | D:12     | Reached skill level 19 in Axes
 13101 | D:12     | Found a staircase to the Orcish Mines.
 13132 | D:12     | Found Deanlevi's Book Shoppe.
 13766 | D:12     | Reached skill level 10 in Invocations
 14381 | Lair:1   | Entered Level 1 of the Lair of Beasts
 14945 | Lair:1   | Noticed a catoblepas
 14955 | Lair:1   | Killed a catoblepas
 15074 | Lair:1   | Noticed a catoblepas
 15082 | Lair:1   | Killed a catoblepas
 15223 | Lair:1   | Identified the +0 pair of boots of Upeogir {rElec rF+
                  | Dex+3}
 15890 | Lair:2   | Reached skill level 20 in Axes
 16092 | Lair:2   | Found a staircase to the Snake Pit.
 16115 | Lair:2   | Reached XP level 13. HP: 49/107 MP: 21/21
 17019 | Lair:2   | Found a staircase to the Swamp.
 18666 | Lair:4   | Found a staircase to the Slime Pits.
 18997 | Lair:4   | Reached skill level 21 in Axes
 19688 | Lair:4   | Noticed Qiar's ghost (journeyman DsGl)
 19865 | Lair:4   | Found a runed translucent gate.
 19865 | Lair:4   | Found a runed translucent gate.
 19866 | Lair:4   | Found a runed translucent gate.
 20633 | D:6      | Killed Lovepenguin's ghost
 20634 | D:6      | Reached skill level 1 in Dodging
 21068 | Lair:4   | HP: 2/111 [komodo dragon simulacrum (22)]
 21070 | Lair:4   | Slain by a komodo dragon simulacrum

Illustrated notes

Levels and vault maps discovered:
D:1:      dpeg_arrival_pits, layout_loops_ring,
          shapermc_ecumenical_altar_notcrosses, chequers_serial_rivers_large_a
D:2:      minmay_diamond_boxcup, layout_rooms, kennysheep_jessica_study
D:3:      layout_rooms
D:4:      layout_basic, minmay_temple_entry_grid
D:5:      layout_basic, nicolae_overflow_hidden_temple, kennysheep_nondescript
D:6:      layout_loops_corners, mainiacjoe_sewer_entry_somewhere_in_here_1,
          gammafunk_ghost_abyssal_escape, nicolae_grassy_gnolls
D:7:      layout_basic, nicolae_benzene_ring, minmay_misc_feat_chi, uniq_joseph
D:8:      layout_cave_pods, led_sif_pool, nicolae_blasting_shop
D:9:      layout_basic, grunt_temple_overflow_forces_of_nature,
          minmay_lair_entry_lava
D:10:     gammafunk_boulding_lane, layout_long_grid
D:11:     regret_index_malice_mire, layout_loops_ring, serial_shops,
          kennysheep_mini
D:12:     layout_irregular_city, hiddenorc1_lemuel, serial_shops,
          nicolae_shop_just_a_little_nook, feat_on_display
Temple:   eino_wide_crystal_templ
Lair:1:   layout_regular_city, hibernation_bobbens, serial_bayou_shore_a
Lair:2:   layout_hall_layers, nicolae_swamp_entry_splash_gauntlet,
          guppyfry_snake_entry_garden
Lair:3:   layout_loops_ring, serial_forest, infiniplex_forest_clump_cross,
          infiniplex_forest_lined_room_2, infiniplex_forest_lined_2,
          infiniplex_forest_zigzag_1, infiniplex_forest_split,
          infiniplex_forest_lined_3, infiniplex_forest_straight_4,
          chequers_serial_rivers_micro_c
Lair:4:   layout_layer_cave, nicolae_slime_entry_field_trip, gammafunk_ghost_icy

Skill      XL: |  1  2  3  4  5  6  7  8  9 10 11 12 13 |
---------------+----------------------------------------+-----
Axes           | 3 4 5 7 8 10 12 14 17 18 20 21 | 21.0
Fighting       | 4 5 6 7 8 10 12 14 | 14.3
Invocations    | 1 2 4 5 7 8 10 12 | 12.4
Armour         | 4 |  4.8
Dodging        | 1 |  1.0
Shields        | |  3.8

Action                     |  1- 3 |  4- 6 |  7- 9 | 10-12 | 13-15 || total
---------------------------+-------+-------+-------+-------+-------++-------
  Melee: War axe           |    61 |    85 |   283 |   474 |   296 ||  1199
         Hand axe          |       |       |       |       |    13 ||    13
  Throw: Dart              |       |     1 |       |     7 |       ||     8
         Stone             |       |       |       |       |     1 ||     1
 Invoke: Recall Ancestor   |     1 |     1 |       |     1 |       ||     3
         Ancestor Identity |     1 |       |       |       |       ||     1
         Ancestor Life: He |     1 |       |       |       |       ||     1
         Transference      |       |       |     1 |     7 |     5 ||    13
         Idealise          |       |       |       |     3 |     3 ||     6
  Evoke: Wand              |       |     2 |     2 |     4 |     1 ||     9
    Use: Scroll            |       |     9 |     4 |     5 |     4 ||    22
         Potion            |       |     1 |       |     2 |     2 ||     5
   Stab: Confused          |     1 |       |     8 |    23 |    18 ||    50
         Distracted        |       |     2 |     2 |     9 |     9 ||    22
 Armour: Scale mail        |    46 |       |       |       |       ||    46
         Plate armour      |     5 |    84 |   212 |   301 |       ||   602
         Swamp dragon scal |       |       |       |    46 |   160 ||   206
  Dodge: Dodged            |    16 |    18 |    36 |    73 |    80 ||   223
  Block: Buckler           |    17 |    30 |    34 |       |       ||    81
         Kite shield       |       |       |    26 |   135 |    82 ||   243

Table legend: (Time is in decaauts)
 A = Elapsed time spent in this place.
 B = Non-inter-level travel time spent in this place.
 C = Inter-level travel time spent in this place.
 D = Time resting spent in this place.
 E = Time spent auto-exploring this place.
 F = Levels seen in this place.
 G = Mean time per level.
                   A        B        C        D        E       F      G
               +--------+--------+--------+--------+--------+-----+--------+
         Total |  21027 |  19751 |   1276 |    128 |  16364 |  18 | 1168.2 |
       Dungeon |  14365 |  13275 |   1090 |     11 |  11021 |  12 | 1197.1 |
        Temple |      1 |      1 |      0 |      0 |      0 |   1 |    1.0 |
          Lair |   6068 |   5883 |    185 |    117 |   4984 |   4 | 1517.0 |
         Sewer |    591 |    591 |      0 |      0 |    359 |   1 |  591.0 |
               +--------+--------+--------+--------+--------+-----+--------+

Top non-repeatable levels by time:
    D:11: 1876 daAuts
  Lair:4: 1868 daAuts
     D:9: 1817 daAuts
     D:6: 1681 daAuts
    D:12: 1562 daAuts
  Lair:2: 1501 daAuts
  Lair:1: 1452 daAuts
     D:8: 1336 daAuts
     D:7: 1250 daAuts
  Lair:3: 1246 daAuts
     D:5: 1214 daAuts
    D:10: 1126 daAuts
     D:1: 893 daAuts
     D:4: 715 daAuts
   Sewer: 591 daAuts
